Map: Polka LE

Players

qqq - Winner!

  • Race: Zerg Zerg
  • Spawn Location: 11:00

Massa - Winner!

  • Race: Terran Terran
  • League: Platinum
  • Spawn Location: 11:00

Txustice

  • Race: Zerg Zerg
  • League: Gold
  • Spawn Location: 5:00

Jaeger

  • Race: Protoss Protoss
  • League: Gold
  • Spawn Location: 5:00

VOD

Have the link to the VOD?

Description

Time

  • Played on: Oct. 17, 2020, 12:56 p.m.
  • Length: 19:38
Show
View Real Time Build Order
Export as new Build Order

qqq Zerg - Winner!

Build Orders: Hatch First, Lurkers 

Get SALT Encoding   

  12  0:00  Drone  
  13  0:08  Drone  
  14  0:37  Hatchery  
  14  0:41  Drone  
  14  0:54  Overlord  
  14  1:05  Spawning Pool  
  14  1:08  Drone  
  14  1:11  Extractor  
  14  1:15  Drone  
  14  1:21  Drone  
  14  1:25  Drone  
  16  1:46  Drone x2  
  18  1:54  Drone  
  19  2:10  Drone x2  
  19  2:11  Queen  
  19  2:12  Queen  
  19  2:14  Drone  
  26  2:18  Drone  
  27  2:25  Overlord  
  27  2:27  Drone  
  27  2:45  Zergling x4  
  27  2:46  Drone x2  
  31  2:52  Metabolic Boost  
  31  2:54  Overlord  
  31  2:59  Drone, Baneling Nest  
  31  3:02  Drone  
  32  3:14  Zergling x2  
  32  3:16  Drone  
  32  3:17  Drone  
  36  3:20  Zergling x2  
  36  3:25  Drone x2, Overlord  
  38  3:27  Zergling x4  
  38  3:29  Zergling x2  
  41  3:35  Drone  
  41  3:40  Zergling x2  
  43  3:48  Zergling x2  
  44  3:49  Zergling x2  
  44  3:54  Zergling x2  
  44  3:55  Zergling x4  
  48  3:56  Zergling x2  
  48  3:57  Zergling x2, Overlord  
  48  3:58  Zergling x2  
  51  4:06  Baneling x3  
  51  4:09  Zergling x2  
  52  4:11  Overlord  
  52  4:14  Overlord  
  52  4:24  Zergling x4  
  52  4:25  Zergling x4  
  52  4:26  Zergling x8  
  52  4:28  Lair  
  60  4:34  Spore Crawler  
  60  4:38  Drone  
  60  4:47  Zergling x2  
  60  4:48  Zergling x4  
  63  4:57  Zergling x2  
  63  4:58  Zergling x2  
  63  5:21  Hatchery  
  43  5:53  Zergling x6  
  43  5:54  Zergling x6  
  40  6:05  Overseer  
  40  6:07  Pneumatized Carapace  
  40  6:11  Drone  
  41  6:16  Extractor  
  40  6:19  Drone x2  
  42  6:32  Roach Warren  
  41  6:35  Hydralisk Den  
  41  6:38  Overseer  
  35  6:49  Zergling x10  
  35  6:52  Hatchery  
  40  6:54  Drone, Zergling x4  
  40  6:55  Drone x2  
  40  6:56  Hatchery, Queen  
  40  6:58  Drone  
  40  6:59  Drone x2  
  40  7:00  Zergling x2  
  49  7:01  Zergling x4  
  49  7:03  Baneling x3  
  49  7:05  Zergling x4  
  49  7:06  Zergling x4  
  55  7:22  Zergling x2  
  56  7:28  Evolution Chamber  
  55  7:30  Evolution Chamber  
  55  7:32  Drone, Queen  
  55  7:33  Roach x2  
  55  7:36  Glial Reconstitution  
  61  7:42  Extractor x2, Drone x3  
  61  7:43  Drone x2  
  61  7:44  Drone x3  
  67  8:00  Drone  
  67  8:01  Drone x3  
  67  8:03  Roach x5  
  81  8:13  Drone x4  
  81  8:14  Roach  
  81  8:19  Baneling x3  
  87  8:20  Baneling  
  87  8:22  Overlord  
  87  8:23  Overlord x4  
  87  8:29  Spine Crawler  
  86  8:56  Baneling x8  
  86  8:57  Baneling x2  
  86  8:58  Zergling x2  
  86  8:59  Zergling x4  
  86  9:00  Drone x5  
  86  9:01  Drone x6  
  86  9:02  Drone  
  101  9:28  Zerg Ground Armor Level 1  
  101  9:29  Zerg Melee Weapons Level 1  
  89  9:58  Drone x4  
  89  9:59  Roach x3  
  92  10:01  Roach x6  
  102  10:12  Hatchery  
  102  10:13  Hatchery, Roach x4  
  102  10:14  Roach x2  
  112  10:23  Hatchery, Infestation Pit  
  110  10:29  Queen, Lurker Den  
  110  10:31  Drone x5  
  116  10:37  Zergling x4  
  116  10:38  Zergling x8  
  116  10:39  Roach x3  
  120  11:04  Hydralisk x4  
  120  11:06  Overlord x2  
  120  11:07  Overlord x5  
  128  11:13  Hive  
  128  11:23  Queen  
  130  11:29  Drone  
  130  11:30  Drone x8  
  130  11:31  Drone x3, Hydralisk  
  130  11:32  Hydralisk x4  
  150  11:33  Roach x2  
  146  11:47  Roach x4  
  146  11:48  Roach x2  
  146  11:49  Roach  
  146  11:50  Drone x7  
  146  11:51  Drone  
  146  11:53  Extractor  
  146  11:54  Extractor  
  166  12:02  Zerg Missile Weapons Level 1  
  166  12:08  Lurker  
  166  12:09  Zergling x4  
  166  12:10  Zergling x12  
  166  12:11  Drone x4  
  166  12:12  Drone x3  
  166  12:14  Extractor  
  166  12:15  Extractor  
  177  12:27  Drone x2  
  179  12:34  Zergling x6  
  179  12:35  Zergling x8  
  179  12:36  Zergling x2  
  187  12:40  Lurker x2  
  187  12:41  Lurker x2  
  187  12:42  Drone x3  
  187  12:43  Drone x2  
  196  12:44  Overlord  
  196  12:45  Overlord x2  
  196  12:48  Hatchery  
  193  13:01  Spine Crawler x2  
  193  13:03  Spine Crawler x3  
  193  13:05  Spine Crawler  
  187  13:06  Drone x3  
  187  13:07  Drone x2  
  187  13:08  Spine Crawler x2  
  188  13:18  Hydralisk x3  
  188  13:19  Hydralisk x4  
  197  13:21  Drone  
  200  13:27  Ultralisk Cavern  
  200  13:28  Zerg Melee Weapons Level 2  
  199  13:34  Zergling x2  
  141  14:15  Spire  
  141  14:16  Hydralisk x4  
  141  14:17  Hydralisk x5  
  145  14:25  Seismic Spines  
  145  14:31  Lurker x2  
  146  14:36  Hydralisk  
  149  14:42  Extractor  
  149  14:43  Extractor  
  149  14:45  Extractor, Drone x3  
  146  14:46  Drone x3  
  146  14:47  Extractor  
  146  14:48  Spine Crawler  
  146  14:49  Spine Crawler  
  137  14:58  Lurker x3  
  140  15:01  Hydralisk x2  
  140  15:02  Zergling x6  
  140  15:03  Zergling x8  
  140  15:04  Drone x7  
  140  15:05  Drone x2  
  160  15:09  Zerg Missile Weapons Level 2  
  160  15:21  Ultralisk  
  166  15:22  Adaptive Talons  
  166  15:27  Drone x2  
  168  15:29  Drone x4  
  168  15:50  Lurker x4  
  162  16:07  Ultralisk x2  
  162  16:08  Mutalisk x3  
  162  16:09  Mutalisk  
  180  16:22  Hydralisk x2  
  180  16:23  Ultralisk  
  180  16:25  Zergling x6  
  191  16:26  Drone x7  
  191  16:27  Drone x2  
  200  16:36  Spine Crawler  
  200  16:38  Spine Crawler x2  
  200  16:39  Spine Crawler  
  195  16:59  Zerg Ground Armor Level 2, Greater Spire  
  195  17:12  Muscular Augments  
  195  17:15  Drone  
  195  17:16  Drone x3  
  195  17:21  Spine Crawler, Spore Crawler  
  195  17:22  Spine Crawler  
  196  17:25  Spore Crawler  
  196  17:26  Spore Crawler  
  196  17:28  Drone x5  
  199  17:32  Spine Crawler  
  199  17:33  Spine Crawler  
  199  17:34  Spine Crawler  
  199  17:35  Spine Crawler  
  199  17:36  Spine Crawler  
  194  17:52  Spine Crawler  
  194  17:56  Spine Crawler  
  192  18:11  Mutalisk x3  
  198  18:14  Spine Crawler  
  198  18:15  Spine Crawler  
  198  18:16  Spine Crawler  
  198  18:18  Spine Crawler  
  198  18:19  Drone x3, Spine Crawler, Spore Crawler  
  195  18:20  Spore Crawler  
  195  18:23  Grooved Spines  
  182  18:38  Hydralisk x2  
  182  18:39  Mutalisk x4  
  182  18:40  Mutalisk x3  
  173  19:00  Spine Crawler  
  173  19:01  Spine Crawler  
  173  19:02  Spine Crawler  
  145  19:06  Hydralisk x3  
  165  19:24  Spine Crawler  
  165  19:25  Spine Crawler  
  165  19:28  Spine Crawler  
  165  19:30  Spine Crawler  
  173  19:31  Spine Crawler  
  173  19:32  Spore Crawler  
  173  19:33  Spore Crawler  
Show
View Real Time Build Order
Export as new Build Order

Massa Terran - Winner!

Build Orders: Reaper Expand 

Get SALT Encoding   

  12  0:00  SCV  
  13  0:12  SCV  
  14  0:23  Supply Depot  
  14  0:25  SCV  
  15  0:45  SCV, Barracks  
  16  0:53  Refinery  
  16  0:57  SCV  
  17  1:09  SCV  
  18  1:21  SCV  
  19  1:34  Orbital Command  
  19  1:38  Reaper  
  20  1:49  Command Center  
  20  2:00  SCV  
  21  2:10  Marine  
  21  2:12  SCV  
  23  2:27  Factory  
  23  2:34  Supply Depot  
  23  2:44  Barracks Reactor  
  23  2:56  SCV  
  24  3:08  SCV  
  25  3:14  Factory Reactor  
  25  3:17  Orbital Command  
  25  3:20  SCV  
  25  3:22  Marine x2  
  28  3:29  Refinery  
  28  3:32  SCV  
  29  3:40  Marine x2  
  31  3:44  SCV  
  31  3:53  Supply Depot  
  31  3:55  SCV  
  32  3:56  SCV  
  32  3:58  Marine  
  34  4:03  Engineering Bay  
  34  4:06  Command Center  
  34  4:07  SCV  
  34  4:08  Refinery  
  35  4:13  Starport  
  35  4:14  Barracks  
  35  4:19  Barracks  
  35  4:23  Marine x2  
  35  4:24  Hellion x2  
  41  4:45  Hellion  
  43  4:47  Marine x2  
  43  4:48  Hellion  
  43  4:50  SCV x2  
  49  5:02  SCV x2  
  49  5:04  Marine  
  49  5:05  Marine  
  53  5:18  Hellion x2  
  53  5:19  Missile Turret, Supply Depot x2  
  53  5:20  Supply Depot x2  
  57  5:24  Missile Turret  
  57  5:26  Marine  
  58  5:28  Marine  
  58  5:30  Barracks Tech Lab  
  59  5:37  Medivac  
  61  5:43  Orbital Command  
  41  6:35  Marine x2  
  41  6:37  Barracks Tech Lab, Marauder  
  42  6:41  SCV x3  
  45  6:47  Widow Mine x2  
  45  6:51  Refinery  
  45  6:53  SCV x3, Marine x2  
  54  6:55  Stimpack  
  54  6:57  Liberator  
  54  6:59  Marauder  
  59  7:05  SCV x3  
  62  7:09  Widow Mine x2  
  62  7:11  Marine x2  
  68  7:17  SCV  
  68  7:20  Marauder  
  71  7:30  Widow Mine, SCV x2  
  75  7:42  SCV  
  75  7:43  SCV  
  75  7:44  Orbital Command  
  76  7:45  Missile Turret  
  76  7:46  Missile Turret  
  76  7:47  Missile Turret  
  68  7:55  SCV  
  59  8:07  Missile Turret  
  59  8:08  Missile Turret  
  59  8:11  SCV x3, Missile Turret  
  62  8:23  SCV x3  
  62  8:26  Widow Mine x2  
  67  8:28  Marauder x2, Marine  
  67  8:29  Marine  
  67  8:33  Medivac  
  73  8:35  SCV x3  
  76  8:47  SCV x3  
  76  8:48  Widow Mine  
  81  8:49  Marauder x2  
  85  8:59  SCV x3  
  85  9:10  Marauder  
  85  9:11  SCV  
  85  9:12  Liberator  
  91  9:22  Hellion x2  
  97  9:24  Marauder, Marine x2  
  97  9:27  Concussive Shells, Combat Shield  
  99  9:32  Marauder  
  99  9:33  Refinery  
  99  9:35  Refinery  
  101  9:45  Command Center  
  101  9:49  Engineering Bay  
  101  9:52  Armory, Supply Depot x2  
  101  9:53  Armory, Supply Depot  
  101  9:54  Supply Depot  
  101  10:13  SCV x2, Marine x2, Medivac  
  101  10:14  SCV, Hellion x2, Marauder x2  
  116  10:16  Supply Depot x2  
  116  10:31  Marine  
  107  10:59  Marauder x2  
  107  11:00  Marine x2  
  113  11:07  Barracks  
  113  11:08  Barracks  
  113  11:09  Factory  
  113  11:14  Medivac  
  113  11:16  Planetary Fortress  
  113  11:18  SCV x3, Marine x2  
  120  11:21  Marauder x2  
  124  11:30  SCV x3  
  107  11:35  Marine  
  108  11:42  SCV, Marauder x2  
  108  11:44  Medivac  
  115  12:02  Barracks Tech Lab  
  115  12:03  Barracks Tech Lab, Marauder x2  
  115  12:04  Marine  
  115  12:05  Factory Tech Lab, Marine  
  121  12:14  Terran Infantry Armor Level 1, Terran Infantry Weapons Level 1  
  123  12:16  Terran Vehicle And Ship Armor Level 1, Terran Vehicle Weapons Level 1  
  123  12:21  Refinery  
  123  12:22  Marine x2  
  124  12:23  Refinery  
  124  12:25  Marauder x2  
  124  12:29  Starport Reactor  
  124  12:34  Starport  
  124  12:40  Marine x2  
  124  12:43  Command Center  
  126  12:46  Marauder x2  
  126  12:47  SCV x4  
  134  12:58  Missile Turret  
  134  12:59  SCV x4  
  134  13:01  Missile Turret  
  134  13:03  Widow Mine x2  
  134  13:04  Marine  
  134  13:05  Marauder x2, Marine  
  148  13:06  Siege Tank  
  148  13:07  Marine  
  148  13:08  Smart Servos, Marauder  
  154  13:20  Missile Turret  
  154  13:24  Missile Turret  
  154  13:25  Widow Mine  
  156  13:38  Siege Tank  
  149  14:03  Marauder  
  149  14:04  Marauder x3, Marine x2  
  149  14:08  Widow Mine x2  
  155  14:10  Siege Tank  
  155  14:15  Starport Tech Lab  
  155  14:17  Medivac x2  
  158  14:22  Marine x2  
  162  14:25  Marauder x4  
  162  14:26  Drilling Claws  
  162  14:29  Widow Mine  
  162  14:30  Widow Mine  
  174  14:31  Planetary Fortress  
  174  14:34  Refinery  
  174  14:35  SCV  
  174  14:36  Refinery, SCV x3  
  178  14:40  Marine  
  178  14:42  Missile Turret  
  179  14:46  Supply Depot  
  179  14:47  Supply Depot x2  
  179  14:50  Supply Depot  
  179  15:02  Missile Turret  
  179  15:07  Marauder, Marine x2, Medivac x2  
  179  15:08  SCV x2, Marine, Siege Tank  
  179  15:09  Marauder x2  
  179  15:11  Supply Depot  
  179  15:12  Supply Depot  
  179  15:14  Banshee, Supply Depot  
  197  15:15  Supply Depot  
  197  15:17  Cloaking Field  
  200  15:23  Terran Vehicle And Ship Armor Level 2, Terran Vehicle Weapons Level 2  
  200  15:24  Terran Infantry Armor Level 2, Terran Infantry Weapons Level 2  
  200  15:39  Supply Depot  
  200  15:41  Supply Depot  
  199  16:22  Command Center  
  191  16:29  SCV x3  
  191  16:30  SCV  
  182  16:36  Hyperflight Rotors  
  169  16:41  SCV x2  
  169  16:42  SCV x2  
  170  16:53  SCV  
  166  17:14  Marauder  
  166  17:15  Marauder x3, Marine x2  
  176  17:18  Widow Mine x2  
  180  17:30  SCV x4  
  180  17:32  Marine  
  180  17:33  Marine  
  180  17:35  Command Center  
  180  17:36  Marauder  
  188  17:40  Planetary Fortress  
  188  17:42  SCV x3  
  191  17:44  Refinery  
  191  17:50  Medivac x2  
  178  18:20  Medivac x2  
Show
View Real Time Build Order
Export as new Build Order

Txustice Zerg 

Build Orders: Hatch First, Lurkers 

Get SALT Encoding   

  12  0:02  Drone  
  13  0:13  Overlord  
  13  0:22  Drone  
  14  0:32  Drone x2  
  16  0:51  Hatchery  
  16  0:55  Drone  
  16  0:59  Drone  
  16  1:01  Drone  
  18  1:15  Extractor  
  18  1:17  Spawning Pool  
  16  1:22  Drone  
  16  1:25  Drone  
  18  1:30  Drone  
  19  1:43  Overlord  
  19  2:05  Queen x2  
  19  2:07  Zergling x2  
  19  2:08  Zergling x2  
  25  2:17  Metabolic Boost  
  25  2:23  Drone x3  
  25  2:24  Drone  
  29  2:35  Drone x2  
  29  2:36  Drone  
  32  2:50  Zergling x4  
  33  3:05  Overlord  
  33  3:08  Lair  
  33  3:12  Extractor  
  32  3:18  Drone x4  
  36  3:20  Overlord  
  36  3:21  Overlord  
  36  3:40  Hatchery  
  35  4:00  Drone  
  35  4:01  Drone x12  
  48  4:23  Hydralisk Den  
  47  4:26  Spine Crawler  
  47  4:27  Spine Crawler  
  47  4:29  Spine Crawler  
  47  4:30  Nydus Network  
  43  4:38  Spine Crawler  
  43  4:42  Spine Crawler  
  43  4:44  Drone, Spine Crawler  
  43  4:45  Drone x3  
  46  5:01  Muscular Augments  
  46  5:05  Drone x2  
  45  5:21  Hydralisk  
  45  5:22  Zergling x2  
  45  5:23  Zergling x14  
  51  5:40  Zergling x2  
  51  5:41  Zergling x6  
  49  5:47  Drone  
  49  5:48  Drone  
  31  5:57  Spine Crawler  
  31  6:00  Spine Crawler  
  29  6:07  Spine Crawler  
  29  6:08  Zergling x6  
  29  6:09  Zergling x8  
  31  6:12  Grooved Spines  
  31  6:31  Drone  
  31  6:32  Drone x3  
  33  6:47  Spine Crawler  
  33  6:50  Drone x3, Spine Crawler  
  34  6:58  Queen  
  34  7:00  Drone  
  34  7:01  Drone x3  
  40  7:11  Drone x2  
  42  7:25  Drone  
  42  7:26  Drone x5  
  42  7:27  Lurker Den  
  47  7:37  Drone x2  
  47  7:41  Extractor  
  47  7:43  Extractor  
  47  8:03  Drone x5  
  52  8:12  Spore Crawler  
  51  8:32  Drone x7  
  58  8:52  Spore Crawler  
  58  8:54  Infestation Pit  
  54  8:58  Zergling x8  
  54  8:59  Zergling x4  
  54  9:01  Overlord  
  60  9:12  Spine Crawler  
  60  9:15  Spine Crawler  
  60  9:16  Spine Crawler  
  57  9:18  Spine Crawler x2  
  55  9:24  Hydralisk  
  55  9:25  Hydralisk x4  
  65  9:33  Hive  
  65  9:47  Hatchery  
  55  9:56  Lurker x2  
  55  9:57  Lurker x3  
  55  9:58  Overseer  
  55  9:59  Hydralisk  
  56  10:00  Hydralisk x5  
  68  10:29  Overlord x3  
  68  10:30  Overlord x4  
  68  10:55  Lurker  
  68  10:56  Lurker x5  
  74  10:58  Hydralisk x5  
  84  11:37  Hatchery  
  83  12:01  Hydralisk  
  83  12:02  Hydralisk x5  
  90  12:24  Drone x2  
  92  12:59  Hydralisk  
  92  13:00  Hydralisk x7  
  108  13:18  Drone x3  
  111  13:28  Lurker x2  
  83  14:19  Lurker x9  
  83  14:20  Lurker x2  
  94  14:24  Spine Crawler  
  94  14:28  Spine Crawler  
  88  14:56  Hydralisk  
  88  14:57  Hydralisk x11  
  112  15:05  Queen  
  114  15:07  Queen x2  
  118  15:24  Drone  
  118  15:25  Drone x7  
  118  15:27  Lurker  
  118  15:28  Lurker x2, Overseer  
  129  15:30  Lurker x2  
  78  16:08  Hydralisk x7  
  78  16:09  Hydralisk  
  90  16:31  Hydralisk x3  
  53  16:48  Zergling x2  
  53  16:49  Zergling x14  
  53  16:52  Lurker  
  60  17:07  Overseer x3  
  60  17:08  Overseer  
  60  17:26  Pneumatized Carapace  
  60  17:55  Spine Crawler x2  
  60  17:56  Spine Crawler  
  60  17:57  Spine Crawler  
  56  17:58  Spine Crawler, Spore Crawler  
  56  17:59  Spore Crawler  
  56  18:00  Spore Crawler  
  56  18:02  Lurker x3  
  55  18:30  Overseer x3  
  44  19:01  Overseer x3  
  40  19:19  Hatchery  
  40  19:20  Hatchery  
Show
View Real Time Build Order
Export as new Build Order

Jaeger Protoss 

Build Orders: 1 Gate Expand, Dark Templar Rush 

Get SALT Encoding   

  12  0:01  Probe  
  13  0:13  Probe  
  14  0:25  Pylon  
  14  0:28  Probe  
  15  0:43  Probe  
  15  0:45  Assimilator  
  16  0:50  Gateway  
  16  0:55  Probe (Chrono Boost)  
  16  0:56  Assimilator  
  17  1:06  Probe (Chrono Boost)  
  17  1:11  Probe (Chrono Boost)  
  19  1:22  Probe  
  20  1:34  Probe  
  21  1:44  Nexus  
  21  1:46  Probe  
  22  1:51  Cybernetics Core  
  22  1:58  Probe  
  23  2:16  Probe  
  23  2:19  Warp Gate (Chrono Boost)  
  23  2:31  Pylon  
  23  2:48  Adept (Chrono Boost)  
  23  2:49  Probe  
  26  2:55  Twilight Council  
  26  3:05  Gateway x2  
  26  3:07  Probe x2  
  26  3:08  Pylon  
  28  3:16  Adept  
  30  3:22  Gateway  
  30  3:30  Probe, Robotics Facility  
  31  3:41  Dark Shrine  
  31  3:58  Probe x2  
  33  4:03  Charge (Chrono Boost)  
  33  4:04  Assimilator  
  33  4:08  Assimilator  
  33  4:10  Probe x2  
  33  4:12  Pylon  
  33  4:14  Pylon  
  35  4:22  Probe  
  36  4:26  Warp Prism (Chrono Boost)  
  38  4:34  Probe x2  
  40  4:44  Shield Battery  
  40  4:45  Shield Battery  
  40  4:53  Probe (Chrono Boost)  
  40  4:58  Probe (Chrono Boost)  
  42  5:04  Probe (Chrono Boost)  
  44  5:08  Probe (Chrono Boost)  
  44  5:09  Probe (Chrono Boost)  
  44  5:10  Pylon  
  44  5:13  Pylon  
  45  5:18  Probe  
  45  5:20  Dark Templar x3  
  48  5:41  Dark Templar  
  50  6:02  Stalker x2  
  50  6:03  Stalker  
  48  6:17  Gateway  
  48  6:18  Gateway  
  48  6:19  Stalker  
  48  6:26  Stalker  
  48  6:27  Stalker x2  
  48  6:30  Gateway  
  52  6:43  Gateway  
  52  6:46  Gateway  
  52  6:48  Gateway  
  52  6:50  Gateway  
  52  6:58  Dark Templar  
  52  6:59  Dark Templar  
  52  7:00  Zealot x2  
  60  7:15  Probe x2  
  62  7:27  Probe x2  
  64  7:32  Forge  
  64  7:33  Blink (Chrono Boost)  
  64  7:34  Pylon  
  64  7:38  Pylon  
  64  7:39  Probe x2  
  66  7:46  Zealot x4  
  73  7:51  Probe x2  
  64  8:03  Probe x2  
  62  8:07  Stalker x2  
  62  8:08  Stalker x3  
  72  8:24  Stalker  
  72  8:26  Stalker  
  75  8:35  Probe  
  75  8:36  Probe  
  77  8:48  Probe x2  
  78  8:49  Stalker  
  80  9:05  Zealot x3  
  82  9:24  Photon Cannon  
  82  9:27  Photon Cannon  
  82  9:33  Photon Cannon  
  82  9:52  Zealot x3  
  82  9:53  Zealot x2  
  82  9:54  Zealot  
  73  10:27  Stalker x3  
  73  10:28  Stalker x3  
  85  10:50  Stalker  
  85  10:51  Stalker x4  
  85  10:52  Stalker  
  97  11:08  Templar Archives  
  85  11:52  Nexus  
  85  11:54  Assimilator  
  85  11:57  High Templar x5  
  85  11:58  High Templar x2  
  85  11:59  Assimilator  
  85  12:00  High Templar  
  101  12:01  Archon x2  
  101  12:02  Archon, Pylon  
  101  12:04  Archon  
  101  12:05  Pylon  
  101  12:21  Stalker x3  
  107  12:42  Pylon  
  107  12:45  Pylon  
  107  12:49  Photon Cannon  
  107  12:54  Photon Cannon  
  107  13:00  High Templar x4  
  107  13:01  High Templar  
  107  13:04  Archon x2  
  117  13:19  High Templar  
  119  13:24  Probe  
  119  13:25  Probe x2  
  122  13:35  Stalker  
  122  13:36  Probe  
  122  13:37  Probe x2  
  127  13:45  Stalker  
  129  13:48  Probe  
  129  13:49  Probe x2, Stalker  
  127  14:01  Probe  
  126  14:03  Stalker  
  126  14:04  Stalker  
  125  14:17  Observer (Chrono Boost)  
  126  14:30  Pylon  
  126  14:32  Observer (Chrono Boost)  
  126  14:33  Pylon  
  127  14:39  Protoss Ground Weapons Level 1 (Chrono Boost), Photon Cannon  
  127  14:41  Photon Cannon  
  127  14:43  Photon Cannon  
  127  14:46  Pylon  
  127  14:50  Observer (Chrono Boost)  
  128  15:06  Photon Cannon  
  128  15:08  Photon Cannon  
  128  15:11  Observer (Chrono Boost)  
  128  15:13  Photon Cannon  
  129  15:22  Robotics Bay  
  129  15:24  Observer (Chrono Boost)  
  130  15:34  Robotics Facility  
  130  15:40  High Templar x2  
  130  15:42  Dark Templar  
  136  15:43  Zealot x2  
  136  15:44  Zealot  
  136  15:45  Zealot  
  136  15:48  Archon  
  144  15:50  Archon  
  144  16:08  Probe x3  
  134  16:37  Dark Templar x4  
  134  16:39  Zealot x3  
  148  16:40  Zealot x3, Protoss Ground Armor Level 1  
  140  17:05  Observer x2 (Chrono Boost)  
  135  17:44  Stalker x4  
  135  17:45  Stalker  
  141  18:06  Dark Templar x3  
  141  18:39  Dark Templar x3  
  147  18:41  Zealot  
  147  18:42  Zealot x4  
  147  18:43  Zealot x2  
Tags
 
Add a new tag
Caveats
  • Supply blocks, unpowered buildings, or Contaminate may cause inaccurate times.
  • Supply counts are checked every 10 seconds.